Map: Moondance

Players

DassemUltor

  • Race: Protoss Protoss
  • League: Diamond
  • Spawn Location: 6:00

MikO - Winner!

  • Race: Terran Terran
  • League: Diamond
  • Spawn Location: 12:00

VOD

Have the link to the VOD?

Description

Time

  • Played on: Dec. 29, 2022, 2:59 p.m.
  • Length: 15:24
Show
View Real Time Build Order
Export as new Build Order

DassemUltor Protoss 

Build Orders: 1 Gate Expand, Blink Stalkers 

Get SALT Encoding   

  12  0:00  Probe  
  13  0:13  Probe  
  14  0:17  Pylon  
  14  0:25  Probe  
  15  0:37  Gateway  
  15  0:38  Probe (Chrono Boost)  
  16  0:46  Assimilator  
  16  0:49  Probe (Chrono Boost)  
  17  0:54  Probe (Chrono Boost)  
  18  1:04  Probe  
  19  1:16  Probe  
  20  1:27  Cybernetics Core  
  20  1:28  Probe  
  21  1:38  Nexus  
  21  1:55  Pylon  
  21  1:56  Probe  
  22  2:03  Assimilator  
  22  2:06  Warp Gate  
  22  2:10  Probe  
  22  2:11  Adept (Chrono Boost)  
  26  2:22  Probe  
  26  2:32  Stalker  
  26  2:34  Probe  
  28  2:47  Probe  
  28  3:00  Probe x2  
  28  3:04  Stalker, Gateway  
  32  3:12  Probe  
  33  3:13  Shield Battery  
  33  3:16  Probe  
  33  3:19  Twilight Council  
  34  3:24  Probe  
  34  3:25  Robotics Facility  
  35  3:29  Probe  
  36  3:37  Probe  
  36  3:41  Probe  
  38  3:49  Probe, Blink  
  38  3:53  Probe  
  40  4:01  Probe  
  41  4:05  Probe  
  41  4:09  Pylon  
  42  4:13  Pylon, Probe  
  43  4:17  Probe  
  44  4:25  Shield Battery, Immortal (Chrono Boost)  
  44  4:27  Shield Battery  
  44  4:28  Stalker  
  44  4:29  Pylon  
  50  4:32  Stalker  
  50  4:43  Pylon  
  50  4:47  Stalker  
  50  4:51  Zealot  
  54  4:55  Probe  
  54  4:59  Pylon  
  55  5:02  Observer (Chrono Boost)  
  56  5:08  Gateway  
  56  5:09  Nexus  
  56  5:12  Zealot, Stalker  
  60  5:15  Probe  
  60  5:16  Probe  
  62  5:24  Assimilator  
  62  5:25  Assimilator  
  62  5:27  Probe  
  63  5:29  Probe  
  63  5:35  Gateway  
  64  5:36  Warp Prism  
  66  5:50  Probe x2  
  66  5:54  Charge (Chrono Boost)  
  68  5:58  Stalker x2  
  72  6:24  Stalker x3  
  73  6:41  Zealot  
  75  6:54  Stalker x3  
  63  7:29  Probe x2  
  65  7:31  Stalker  
  65  7:32  Stalker x3  
  73  7:43  Probe x3  
  76  7:47  Pylon  
  76  7:49  Pylon  
  76  7:52  Zealot x4  
  76  7:55  Probe  
  76  7:57  Nexus  
  85  7:59  Pylon  
  85  8:00  Pylon  
  85  8:03  Assimilator, Observer  
  86  8:08  Robotics Bay  
  86  8:10  Gateway  
  86  8:12  Gateway  
  86  8:14  Pylon  
  86  8:17  Pylon  
  86  8:19  Gateway  
  76  8:35  Immortal  
  76  8:36  Probe x2  
  76  8:38  Probe  
  83  8:48  Probe x2  
  84  8:50  Probe, Assimilator  
  84  8:55  Zealot x3  
  88  8:56  Zealot  
  88  9:00  Probe x2  
  96  9:05  Shield Battery, Probe  
  97  9:11  Robotics Facility  
  97  9:12  Probe  
  97  9:13  Zealot x2  
  97  9:14  Colossus  
  108  9:26  Zealot x3  
  108  9:27  Zealot x2  
  108  9:29  Probe x4  
  122  9:35  Forge x2  
  122  9:41  Probe x4  
  122  9:44  Gateway  
  124  9:45  Zealot x2  
  124  9:46  Gateway  
  124  9:48  Gateway  
  124  9:50  Pylon  
  124  9:51  Zealot x5  
  134  10:11  Colossus x2  
  139  10:14  Zealot x6  
  139  10:15  Zealot  
  133  10:28  Protoss Ground Weapons Level 1 (Chrono Boost)  
  133  10:29  Protoss Ground Armor Level 1 (Chrono Boost), Probe x2  
  133  10:30  Probe x2  
  135  10:40  Nexus, Zealot x3  
  135  10:41  Pylon  
  137  10:44  Pylon  
  137  10:51  Probe (Chrono Boost)  
  137  10:52  Probe (Chrono Boost)  
  137  10:53  Probe (Chrono Boost)  
  137  10:55  Probe (Chrono Boost)  
  137  11:03  Probe (Chrono Boost)  
  136  11:08  Photon Cannon  
  136  11:09  Photon Cannon  
  134  11:11  Disruptor, Photon Cannon  
  134  11:13  Shield Battery x2, Observer  
  134  11:14  Disruptor  
  140  11:24  Pylon x2  
  140  11:30  Assimilator  
  140  11:33  Pylon  
  140  11:35  Shield Battery, Photon Cannon  
  140  11:44  Probe x4  
  144  11:48  Observer  
  144  11:51  Observer  
  146  11:56  Probe x2  
  146  11:59  Pylon  
  148  12:02  Templar Archives  
  142  12:09  Immortal  
  142  12:12  Zealot x7, Immortal  
  162  12:33  Zealot x4  
  162  12:34  Zealot x6  
  180  12:55  Disruptor x2  
  184  13:05  Observer  
  184  13:23  Robotics Facility  
  184  13:53  Assimilator  
  184  13:55  Assimilator  
  184  13:57  Shield Battery, Stargate  
  184  13:59  Stargate  
  184  14:01  Cybernetics Core  
  184  14:02  Pylon  
  184  14:15  Photon Cannon  
  184  14:17  Immortal x3, Photon Cannon x2  
  184  14:22  High Templar x2  
  196  14:49  Stargate  
  196  14:52  Stargate  
  196  14:54  Zealot x2  
  196  14:56  Fleet Beacon  
  196  14:58  Stargate  
Show
View Real Time Build Order
Export as new Build Order

MikO Terran - Winner!

Build Orders: Reaper Expand 

Get SALT Encoding   

  12  0:00  SCV  
  13  0:12  SCV  
  14  0:20  Supply Depot  
  14  0:24  SCV  
  15  0:42  SCV  
  16  0:45  Barracks  
  16  0:52  Refinery  
  16  0:54  SCV  
  17  1:06  SCV  
  18  1:18  SCV  
  19  1:32  Orbital Command  
  19  1:37  Reaper  
  20  1:43  Command Center  
  20  1:55  Supply Depot  
  20  1:58  SCV  
  21  2:09  Marine  
  21  2:14  Barracks  
  21  2:15  SCV  
  23  2:21  Barracks  
  23  2:27  Barracks Reactor, SCV  
  24  2:31  Refinery  
  24  2:50  SCV  
  25  3:02  SCV  
  26  3:08  Orbital Command  
  26  3:09  Barracks Tech Lab  
  26  3:10  Barracks Tech Lab, Marine x2  
  28  3:23  SCV, Factory  
  29  3:28  Marine x2  
  29  3:29  Marauder x2  
  29  3:30  Concussive Shells  
  35  3:36  SCV  
  36  3:44  SCV  
  36  3:48  SCV  
  38  3:53  Marauder x2, Marine x2  
  42  3:56  SCV  
  42  4:00  SCV  
  42  4:02  Supply Depot  
  44  4:09  SCV  
  45  4:12  Supply Depot, SCV  
  46  4:18  Supply Depot  
  46  4:23  Factory Reactor  
  50  4:24  Marauder x2  
  50  4:26  Marine  
  50  4:29  Starport  
  51  4:38  SCV  
  52  4:40  Stimpack  
  52  4:41  Marine  
  52  4:44  SCV, Marine  
  55  4:47  Engineering Bay  
  55  4:51  Engineering Bay  
  55  4:53  Marine x2  
  55  4:56  SCV  
  55  4:59  Marine  
  59  5:00  Refinery  
  59  5:04  Marine  
  60  5:08  SCV x2  
  60  5:09  Factory Tech Lab  
  60  5:11  Marine  
  60  5:14  Supply Depot  
  63  5:16  Medivac  
  63  5:20  Medivac  
  67  5:23  SCV  
  67  5:24  SCV  
  69  5:31  Marine x2  
  69  5:32  Marine  
  69  5:35  Marine  
  73  5:36  SCV x2  
  73  5:42  Siege Tank  
  78  5:48  SCV, Missile Turret  
  78  5:49  Marine  
  80  5:53  Refinery  
  80  6:03  Supply Depot  
  82  6:04  Marauder  
  82  6:05  Supply Depot  
  82  6:06  Medivac  
  84  6:14  SCV  
  84  6:15  SCV  
  84  6:19  Siege Tank  
  86  6:27  SCV  
  83  6:43  Marauder, Marine, Medivac x2  
  70  7:13  Marine  
  70  7:14  Marauder, Marine x2  
  70  7:15  Siege Tank  
  58  7:31  Marine x3  
  58  7:33  Barracks  
  58  7:35  Barracks, Marine  
  58  7:36  Barracks x2  
  62  7:40  Missile Turret  
  62  7:41  Missile Turret  
  60  7:44  Combat Shield  
  60  7:47  Siege Tank  
  60  7:49  Marine x3  
  66  7:53  Marauder  
  69  8:05  SCV  
  69  8:07  Marine x2  
  69  8:09  Terran Infantry Weapons Level 1  
  69  8:10  Terran Infantry Armor Level 1  
  69  8:11  Armory  
  71  8:12  Command Center  
  71  8:19  Siege Tank  
  69  8:25  Marauder, Marine x4  
  75  8:40  Supply Depot x2  
  75  8:42  Supply Depot  
  75  8:47  Barracks Reactor, Missile Turret  
  75  8:48  Barracks Reactor  
  75  8:50  Missile Turret  
  75  8:51  Missile Turret  
  75  8:52  Barracks Reactor  
  75  8:54  Missile Turret  
  75  9:00  SCV x2  
  77  9:03  Marine x3  
  77  9:07  Ghost Academy  
  80  9:13  Marine x2  
  82  9:21  Marine  
  82  9:23  Marine x2  
  85  9:26  Medivac  
  85  9:27  Medivac  
  91  9:31  Marauder, SCV  
  91  9:37  Marauder, Marine x2  
  96  9:43  Marine  
  93  9:46  Orbital Command  
  92  9:53  Marauder  
  92  9:54  Marine  
  92  9:59  Marauder  
  85  10:07  Marine x3  
  84  10:14  Marauder  
  84  10:20  Marauder  
  76  10:22  Marine x5  
  76  10:26  Marine  
  73  10:35  Marauder  
  73  10:39  SCV  
  73  10:41  Marine  
  75  11:00  SCV x2  
  75  11:02  Marine  
  78  11:09  Unknown  
  78  11:10  SCV  
  81  11:12  SCV x2  
  81  11:18  Viking  
  85  11:27  Viking  
  85  11:30  Unknown  
  89  11:37  SCV  
  89  11:38  Unknown, SCV x2  
  89  11:39  Marauder, Marine x4  
  98  11:40  Marine  
  99  11:50  SCV  
  99  11:51  SCV  
  99  11:52  SCV  
  102  11:58  Unknown  
  102  11:59  Marauder  
  104  12:03  SCV  
  94  12:18  Medivac x2  
  91  12:41  Marauder, Marine x2  
  91  12:42  SCV x2  
  91  12:43  SCV, Refinery  
  98  12:54  SCV  
  99  13:02  Personal Cloaking  
  99  13:04  Marine x8  
  108  13:05  SCV x2  
  108  13:08  Marine  
  108  13:09  Marine  
  108  13:10  SCV  
  112  13:13  Fusion Core  
  112  13:17  SCV x2  
  114  13:22  SCV  
  115  13:28  Viking x2  
  115  13:29  SCV  
  115  13:30  SCV  
  122  13:34  SCV  
  124  13:57  Barracks Reactor  
  124  14:09  Supply Depot x3  
  124  14:10  Supply Depot  
  124  14:12  Viking x2  
  124  14:15  Unknown  
  128  14:25  Engineering Bay  
  128  14:28  Nuke  
  122  15:05  SCV x2  
  122  15:10  Command Center  
Tags
 
Add a new tag
Caveats
  • Supply blocks, unpowered buildings, or Contaminate may cause inaccurate times.
  • Supply counts are checked every 10 seconds.